 Dungeon Crawl Stone Soup version 0.31.0-2-g5a2aebc5c2 (webtiles) character file.

Game seed: 1424133511754564650

2517 dorian the Arsonist (level 9, -1/60 (62) HPs)
             Began as a Pale Draconian Fire Elementalist on Jan 20, 2024.
             Was an Initiate of Vehumet.
             Shot with a sling bullet by Joseph (15 damage)
             ... on level 7 of the Dungeon.
             The game lasted 00:16:07 (8328 turns).

dorian the Arsonist (DrFE)                          Turns: 8328, Time: 00:16:08

HP:   -1/60 (62)    AC:  8    Str: 10    XL:     9   Next: 29%
MP:   9/17          EV: 12    Int: 21    God:    Vehumet [......]
Gold: 301           SH:  0    Dex: 16    Spells: 8/18 levels left

rFire   . . .        z - +3 sling of the Warrior-Mage {heavy, Dex+5}
rCold   . . .        (no shield)
rNeg    . . .        (body armour unavailable)
rPois   .            (helmet restricted)
rElec   .            y - +0 cloak
rCorr   .            (no gloves)
SInv    .            (no boots)
Will    .....        v - amulet of the acrobat
Stlth   ++           (no ring)
HPRegen 0.30/turn    (no ring)
MPRegen 0.15/turn

%: acrobat
@: lightly drained
A: breathe steam, AC +7, unfitting armour, cold-blooded, steam resistance
a: Breathe Steam, Renounce Religion


You were on level 7 of the Dungeon.
You worshipped Vehumet.
Vehumet was noncommittal.
You visited 1 branch of the dungeon, and saw 7 of its levels.

You collected 301 gold pieces.

Inventory:

Hand Weapons
 o - a +2 dagger of speed
 z - the +3 sling of the Warrior-Mage (weapon) {heavy, Dex+5}
   (You found it on level 5 of the Dungeon)

   Dex+5:     It affects your dexterity (+5).
 C - a +2 whip of flaming
Armour
 j - a +0 pair of boots
 s - the +0 pair of boots of Lies {rC+}
   (You found it on level 6 of the Dungeon)

   rC+:       It protects you from cold.
 y - a +0 cloak (worn)
Jewellery
 v - an amulet of the acrobat (around neck)
Wands
 n - a wand of mindburst (34)
 q - a wand of roots (8)
 u - a wand of polymorph (6)
 w - a wand of charming (22)
 B - a wand of light (5)
Scrolls
 e - 2 scrolls of immolation
 h - 3 scrolls of vulnerability
 k - 2 scrolls of amnesia
 m - 2 scrolls of fear
 t - 2 scrolls of teleportation
 A - a scroll of revelation
Potions
 a - a potion of magic
 b - 3 potions of lignification
 c - 3 potions of mutation
 d - 2 potions of invisibility
 f - 2 potions of berserk rage {unknown}
 g - 4 potions of curing {unknown}
 i - 2 potions of enlightenment {unknown}
 l - 2 potions of cancellation {unknown}
 p - a potion of haste {unknown}
 r - a potion of might {unknown}
 x - a potion of attraction {unknown}


   Skills:
 - Level 1.7 Dodging
 - Level 1.7 Stealth
 + Level 5.4 Spellcasting
 * Level 8.1 Conjurations
 * Level 9.3 Fire Magic


You had 8 spell levels left.
You knew the following spells:

 Your Spells              Type           Power      Damage    Failure   Level
a - Foxfire               Conj/Fire      100%       2x1d9     1%          1
b - Scorch                Fire           90%        2d8       1%          2
c - Flame Wave            Conj/Fire      42%        2d11      2%          4
d - Volatile Blastmotes   Fire/Tloc      50%        2d14      4%          3

Your spell library contained the following spells:

 Spells                   Type           Power      Damage    Failure   Level
 Inner Flame              Hex/Fire       25%        N/A       4%          3
 Hailstorm                Conj/Ice       22%        3d7       6%          3
 Slow                     Hex            20%        N/A       11%         1
 Jinxbite                 Hex            10%        N/A       16%         2
 Confusing Touch          Hex            5%         N/A       30%         3
 Sigil of Binding         Hex            5%         N/A       30%         3
 Summon Ice Beast         Ice/Summ       5%         N/A       30%         3
 Vampiric Draining        Necr           5%         2d6       30%         3
 Summon Mana Viper        Hex/Summ       5%         N/A       96%         5
 Sculpt Simulacrum        Ice/Alch       2%         N/A       100%        6
 Summon Cactus Giant      Summ           2%         N/A       100%        6
 Monstrous Menagerie      Summ           2%         N/A       100%        7


Dungeon Overview and Level Annotations

Branches:
Dungeon (7/15) Zot: 23079  Temple (0/1) D:5

Altars:
Ashenzari
Dithmenos
Kikubaaqudgha
Okawaru
Sif Muna
Vehumet
Xom

Annotations:
D:7 Joseph


Innate Abilities, Weirdness & Mutations

You can breathe blasts of scalding, opaque steam.
Your pale cyan-grey scales are hard. (AC +7)
You cannot fit into any form of body armour.
You are cold-blooded and may be slowed by cold attacks.
You are immune to the effects of steam.


Message History

Joseph shoots a sling bullet.
The sling bullet misses you.
Casting: Foxfire (safe; 1% risk of failure)
Confirm with . or Enter, or press ? or * to list all spells.
You conjure some foxfire!
Your foxfire dissipates!
The foxfire hits Joseph.
Joseph resists.
Joseph is heavily wounded.
Joseph shoots a sling bullet.
The sling bullet hits you.
Casting: Foxfire (safe; 1% risk of failure)
Confirm with . or Enter, or press ? or * to list all spells.
You conjure some foxfire!
Casting: Foxfire (safe; 1% risk of failure)
Confirm with . or Enter, or press ? or * to list all spells.
There is not enough space to conjure foxfire!
Casting: Foxfire (safe; 1% risk of failure)
Confirm with . or Enter, or press ? or * to list all spells.
There is not enough space to conjure foxfire!
The foxfire hits Joseph.
Joseph resists.
Joseph is heavily wounded.
The foxfire hits Joseph.
Joseph resists.
Joseph is heavily wounded.
Joseph shoots a sling bullet.
The sling bullet hits you!
Casting: Foxfire (safe; 1% risk of failure)
Confirm with . or Enter, or press ? or * to list all spells.
You conjure some foxfire!
The foxfire hits Joseph.
Joseph resists.
Joseph is severely wounded.
The foxfire hits Joseph.
Joseph resists.
Joseph is severely wounded.
Joseph shoots a sling bullet.
The sling bullet hits you!!
* * * LOW HITPOINT WARNING * * *
Joseph shoots a sling bullet.
The sling bullet misses you.
Casting: Foxfire (safe; 1% risk of failure)
Confirm with . or Enter, or press ? or * to list all spells.
Casting: Flame Wave (dangerous; 2% risk of failure)
Press: ? - help, Dir - look around, f - activate A wave of flame ripples out! (Press . to intensify the flame waves.) Joseph shoots a sling bullet.
The sling bullet hits you!
You die...

#.# #.#
#.###....##.... #.#
#.# #..##....##....
#.# #.#
##.##.#.##.....
#.#####.##
#.##.#........
#........#
#.##.###.###..
#######..###.##.....#
#..
#.@<.[[....##.###..
##.###.##.###......
#@.............#(#
#####.#.########..
#...# #. ##### #.


You could see Joseph.

Vanquished Creatures
  Pikel (D:5)
  Sigmund (D:5)
  A black bear (D:5)
  A sky beast (D:7)
  4 ice beasts
  3 ogres
  4 lemures
  2 phantoms
  A kobold brigand (D:5)
  3 scorpions
  A wight (D:6)
  A hound (D:4)
  3 jellies (D:5)
  A gnoll bouda (D:4)
  A sleepcap (D:7)
  Ijyb (D:4)
  Jessica (D:2)
  3 iguanas
  4 orc wizards
  8 gnolls
  5 adders
  2 white imps
  A dart slug (D:2)
  16 orcs
  2 bats (D:1)
  7 endoplasms
  2 giant cockroaches (D:2)
  4 hobgoblins
  2 jackals (D:2)
  5 quokkas
  4 ball pythons
  4 frilled lizards
  11 goblins
  12 kobolds
  3 rats (D:2)
125 creatures vanquished.

Vanquished Creatures (collateral kills)
  A foxfire (D:4)
1 creature vanquished.

Vanquished Creatures (others)
  435 foxfires
435 creatures vanquished.

Grand Total: 561 creatures vanquished

Notes
Turn   | Place    | Note
-------+----------+-------------------------------------------
     0 | D:1      | dorian the Draconian Fire Elementalist began the quest for
                  | the Orb.
     0 | D:1      | Reached XP level 1. HP: 14/14 MP: 3/3
   188 | D:1      | Reached XP level 2. HP: 20/20 MP: 1/5
   771 | D:1      | Found a faded altar of an unknown god.
  1426 | D:2      | Noticed Jessica
  1433 | D:2      | Killed Jessica
  1434 | D:2      | Reached XP level 3. HP: 9/26 MP: 0/6
  1509 | D:2      | Got Jessica's Writings on Curses
  1541 | D:2      | Learned a level 2 spell: Scorch
  1762 | D:2      | Reached XP level 4. HP: 33/33 MP: 7/7
  2254 | D:3      | Reached skill level 4 in Fire Magic
  2399 | D:3      | Found a broken altar of Ashenzari.
  2746 | D:3      | Reached XP level 5. HP: 38/38 MP: 7/9
  3420 | D:4      | Noticed Ijyb
  3432 | D:4      | Killed Ijyb
  3595 | D:4      | Found an iron altar of Okawaru.
  3781 | D:4      | You fall into a shaft and drop 3 floors!
  3862 | D:7      | Found a shadowy altar of Dithmenos.
  3862 | D:7      | Noticed a phantom
  3968 | D:6      | Reached XP level 6. HP: 45/45 MP: 3/10
  4024 | D:6      | Identified the +0 pair of boots of Lies {rC+}
  4150 | D:6      | Reached skill level 5 in Fire Magic
  4408 | D:5      | Entered Level 5 of the Dungeon
  4473 | D:5      | Noticed an ice beast
  4473 | D:5      | Noticed an ice beast
  4692 | D:6      | Noticed an ice beast
  4705 | D:6      | Killed an ice beast
  4706 | D:6      | Your scales start taking on a pale cyan-grey colour.
  4706 | D:6      | Reached skill level 6 in Fire Magic
  4706 | D:6      | Reached XP level 7. HP: 16/50 MP: 1/12
  4706 | D:6      | Gained mutation: You are immune to the effects of steam.
                  | [Pale Draconian growth]
  5231 | D:5      | Reached skill level 5 in Conjurations
  5759 | D:4      | Reached skill level 7 in Fire Magic
  5896 | D:4      | Reached XP level 8. HP: 57/57 MP: 9/14
  6432 | D:5      | Noticed Pikel
  6542 | D:5      | Found a radiant altar of Vehumet.
  6548 | D:5      | Became a worshipper of Vehumet
  6662 | D:5      | Identified the +3 sling of the Warrior-Mage {heavy, Dex+5}
  6682 | D:5      | Found a staircase to the Ecumenical Temple.
  6736 | D:5      | Reached skill level 8 in Fire Magic
  6993 | D:5      | Noticed Sigmund
  7001 | D:5      | Killed Sigmund
  7084 | D:5      | Found an ancient bone altar of Kikubaaqudgha.
  7199 | D:5      | Killed Pikel
  7200 | D:5      | Reached skill level 5 in Spellcasting
  7200 | D:5      | Reached skill level 9 in Fire Magic
  7200 | D:5      | Reached XP level 9. HP: 62/62 MP: 3/16
  7292 | D:5      | Found a shimmering altar of Xom.
  7344 | D:5      | Found a shimmering blue altar of Sif Muna.
  7604 | D:6      | Learned a level 4 spell: Flame Wave
  7608 | D:6      | Learned a level 3 spell: Volatile Blastmotes
  8133 | D:7      | Noticed Joseph
  8328 | D:7      | Shot with a sling bullet by Joseph

Illustrated notes

Levels and vault maps discovered:
D:1:      minmay_arrival_radiant_lines, layout_basic,
          shapermc_ecumenical_altar_mp_ritualfount, moated_statue
D:2:      layout_basic, kennysheep_jessica_study
D:3:      layout_loops_ring, mainiacjoe_overflow_24_doors,
          nicolae_figureground_sparkle
D:4:      layout_loops_ring, lemuel_doored_altar, uniq_ijyb
D:5:      layout_basic, kennysheep_little_box, mainiacjoe_overflow_alcove_4,
          lemuel_crystal_altar, nicolae_overflow_crystal_walls,
          temple_fountains, uniq_pikel, uniq_sigmund
D:6:      layout_basic
D:7:      lemuel_ice_statue, layout_loops_ring, grunt_dithmenos_shadows,
          nicolae_wu_jian_immortal_techniques, uniq_joseph

Skill      XL: |  1  2  3  4  5  6  7  8  9 |
---------------+----------------------------+-----
Conjurations   | 2 3 4 5 7 8 |  8.1
Fire Magic     | 4 6 7 9 |  9.3
Spellcasting   | 3 4 5 |  5.4
Dodging        | |  1.7
Stealth        | |  1.7

Action                     |  1- 3 |  4- 6 |  7- 9 || total
---------------------------+-------+-------+-------++-------
  Melee: Unarmed           |    21 |    20 |       ||    41
         Tailslap          |     3 |     2 |     1 ||     6
         Dagger            |       |     6 |    14 ||    20
   Cast: Foxfire           |    45 |    78 |   188 ||   311
         Scorch            |       |    23 |    34 ||    57
         Flame Wave        |       |       |     2 ||     2
    Use: Scroll            |     5 |     7 |     5 ||    17
   Stab: Sleeping          |     1 |     1 |       ||     2
 Armour: Skin              |    14 |    39 |    38 ||    91
  Dodge: Dodged            |    15 |    23 |    37 ||    75
